 Dungeon Crawl Stone Soup version 0.23-a0-811-gf4b81dc (webtiles) character file.

2410 Ezreal the Fighter (level 9, -9/60 HPs)
             Began as a Gargoyle Fighter on Jan 21, 2019.
             Killed by divine providence
             ... invoked by an orc priest
              (11 damage)
             ... on level 6 of the Dungeon.
             The game lasted 00:10:10 (5487 turns).

Ezreal the Fighter (Gargoyle Fighter)               Turns: 5487, Time: 00:10:10

Health: -9/60      AC: 23    Str: 24    XL:     9   Next: 47%
Magic:  9/9        EV:  6    Int: 12    God:
Gold:   269        SH:  8    Dex:  9    Spells: 8/8 levels left

rFire    . . .     SeeInvis .   v - +2 whip (venom)
rCold    . . .     Gourm    .   c - +0 shield
rNeg     + . .     Faith    .   b - +0 plate armour
rPois    ∞         Spirit   .   w - +1 helmet "Ydig" {Int+4}
rElec    +         Reflect  .   B - +0 cloak
rCorr    +         Harm     .   (no gloves)
MR       +....                  (no boots)
Stlth    ..........             (no amulet)
HPRegen  0.20/turn              l - ring of resist corrosion
MPRegen  0.11/turn              G - ring of protection from magic

@: starving, heavily drained
A: negative energy resistance 1, electricity resistance, unbreathing,
petrification resistance, rot immunity, AC +6
a: no special abilities


You were on level 6 of the Dungeon.
You were starving.

You visited 1 branch of the dungeon, and saw 6 of its levels.

You collected 283 gold pieces.
You spent 14 gold pieces at shops.

Inventory:

Hand Weapons
 a - a +0 flail
 v - a +2 whip of venom (weapon)
Armour
 b - a +0 plate armour (worn)
 c - a +0 shield (worn)
 w - the +1 helmet "Ydig" (worn) {Int+4}
   (You took it off Robin on level 3 of the Dungeon)

   It affects your intelligence (+4).
 B - a +0 cloak (worn)
Jewellery
 l - a ring of resist corrosion (left hand)
 G - a ring of protection from magic (right hand)
Wands
 x - a wand of digging (6)
Scrolls
 g - 2 scrolls of amnesia {unknown}
 h - 2 scrolls of teleportation {unknown}
 j - 3 scrolls of immolation {unknown}
 n - a scroll of enchant armour {unknown}
 p - 4 scrolls of enchant weapon {unknown}
 q - 4 scrolls of fog {unknown}
 t - 9 scrolls of identify {unknown}
 y - a scroll of remove curse {unknown}
 D - a scroll of random uselessness {unknown}
 E - a scroll of magic mapping {unknown}
 H - a scroll of vulnerability {unknown}
Potions
 d - a potion of might
 e - 2 potions of agility {unknown}
 i - 3 potions of curing {unknown}
 k - 3 potions of haste {unknown}
 m - 2 potions of lignification {unknown}
 o - a potion of invisibility {unknown}
 r - a potion of brilliance {unknown}
 s - a potion of ambrosia {unknown}
 u - a potion of resistance
 z - 2 potions of heal wounds {unknown}
 A - a potion of cancellation {unknown}
 C - a potion of berserk rage {unknown}
 F - a potion of flight {unknown}
Comestibles
 f - 15 rations


   Skills:
 * Level 8.7(7.1) Fighting
 - Level 2.0(0.6) Maces & Flails
 * Level 8.7(7.1) Armour
 + Level 5.5(4.1) Dodging
 - Level 3.2(1.9) Shields


You had 8 spell levels left.
You didn't know any spells.
Your spell library was empty.

Dungeon Overview and Level Annotations

Branches:
Dungeon (6/15)
 Temple: D:4-7

Altars:
Fedhas
Hepliaklqana
Makhleb
The Shining One

Shops:
D:4 !

Annotations:
D:4 exclusion: upstairs


Innate Abilities, Weirdness & Mutations

You are resistant to torment.
Your stone body is resilient. (AC +6)
You are immune to poison.
You resist negative energy. (rN+)
You are resistant to electric shocks. (rElec)
You can survive without breathing.
You are immune to petrification.
You are immune to rotting.


Message History

The orc warrior looks even sicker.
The orc warrior barely misses you.
Unknown command.
You closely miss the orc warrior.
The orc shouts!
The orc priest mumbles some strange prayers to Beogh against you.
Beogh smites you!
* * * LOW HITPOINT WARNING * * *
The orc warrior hits you but does no damage.
Unknown command.
You barely miss the orc warrior.
The orc warrior is lightly wounded.
The orc wizard is no longer moving quickly.
The orc wizard mumbles some strange words.
The orc wizard seems to speed up.
You closely miss the orc warrior.
The orc warrior is lightly wounded.
The orc warrior hits you but does no damage.
The orc priest invokes the aid of Beogh against you.
Beogh smites you!
You die...

.... #.##.# .....
..##.# ..... #.##.#
...... #.##.#
##.o.§##.##"#
.........##.#
#......>.# #####
.....###o#######......
##......ooo@)....#
....)...#########
#.#...... #######


You could see an orc warrior, an orc priest, an orc wizard and an orc.

Vanquished Creatures
  5 humans (D:6)
  Sigmund (D:3)
  An orc warrior (D:6)
  A sky beast (D:5)
  An ogre (D:6)
  A phantom (D:4)
  A centaur (D:6)
  A bullfrog (D:5)
  A water moccasin zombie (D:5)
  4 scorpions
  A howler monkey (D:5)
  A bullfrog zombie (D:6)
  3 crimson imps
  A hound (D:4)
  A jelly (D:6)
  Crazy Yiuf (D:3)
  2 orc priests
  2 orc wizards
  An iguana (D:6)
  5 worker ants
  A hound skeleton (D:6)
  Robin (D:3)
  A worker ant zombie (D:5)
  4 gnolls
  7 adders
  A shadow imp (D:5)
  An ooze (D:4)
  2 adder skeletons (D:5)
  3 worms
  2 dart slugs (D:1)
  3 leopard geckos
  18 orcs
  5 bats
  5 giant cockroaches
  14 goblins
  8 hobgoblins
  20 jackals
  6 kobolds
  6 quokkas
  A ball python (D:5)
  4 frilled lizards
  A quokka skeleton (D:5)
  9 rats
158 creatures vanquished.

Notes
Turn   | Place    | Note
-------+----------+-------------------------------------------
     0 | D:1      | Ezreal the Gargoyle Fighter began the quest for the Orb.
     0 | D:1      | Reached XP level 1. HP: 14/14 MP: 1/1
    92 | D:1      | Reached XP level 2. HP: 11/19 MP: 2/2
   739 | D:2      | Reached XP level 3. HP: 21/24 MP: 3/3
  1060 | D:2      | Reached skill level 1 in Dodging
  1060 | D:2      | Reached XP level 4. HP: 24/29 MP: 4/4
  1323 | D:2      | Found a glowing golden altar of the Shining One.
  1652 | D:3      | Noticed Sigmund
  1992 | D:3      | Reached XP level 5. HP: 33/34 MP: 5/5
  2463 | D:3      | Identified the +1 helmet "Ydig" {Int+4}
  2463 | D:3      | Noticed Robin
  2493 | D:3      | Killed Robin
  2493 | D:3      | Reached skill level 5 in Armour
  2497 | D:3      | Reached skill level 5 in Fighting
  2719 | D:3      | Killed Sigmund
  2719 | D:3      | Reached XP level 6. HP: 36/40 MP: 6/6
  3088 | D:2      | Found a hazy altar of Hepliaklqana.
  3219 | D:3      | Found a burning altar of Makhleb.
  3301 | D:3      | Found a runed door.
  3305 | D:3      | Noticed Crazy Yiuf
  3310 | D:3      | Killed Crazy Yiuf
  3421 | D:4      | Reached XP level 7. HP: 44/44 MP: 7/7
  3649 | D:4      | Found Wol Geg's Distillery.
  3652 | D:4      | Bought a potion of degeneration for 14 gold pieces
  4119 | D:4      | Reached XP level 8. HP: 51/51 MP: 8/8
  4192 | D:5      | Entered Level 5 of the Dungeon
  4668 | D:5      | Found a blossoming altar of Fedhas.
  4871 | D:6      | Reached skill level 5 in Dodging
  4912 | D:6      | Reached XP level 9. HP: 53/58 MP: 9/9
  5259 | D:6      | Found a blossoming altar of Fedhas.
  5485 | D:6      | HP: 1/60 [orc priest/divine providence (10)]
  5487 | D:6      | Killed from afar by an orc priest

Vault maps used:
D:1:      dpeg_arrival_more_subterranean_lakeside_camping, minmay_pentomino_p2
D:2:      nicolae_overflow_hidden_temple, first_ration,
          nicolae_tso_carved_into_rock
D:3:      nicolae_overflow_crystal_walls, serial_rivers,
          chequers_serial_rivers_micro_c, chequers_serial_rivers_micro_a,
          chequers_serial_rivers_micro_a, chequers_serial_rivers_micro_e,
          chequers_serial_rivers_micro_a, uniq_robin, uniq_sigmund,
          uniq_crazy_yiuf_cottage
D:4:      serial_shops, kennysheep_mini_moat, grunt_tough_drop
D:5:      fedhas_altar_3
D:6:      old_standard_altar, minmay_ruffians

Skill      XL: |  1  2  3  4  5  6  7  8  9 |
---------------+----------------------------+-----
Armour         | 4 5 6 7 8 |  8.7
Fighting       | 4 5 6 7 8 |  8.7
Dodging        | 1 3 4 5 |  5.5
Maces & Flails | |  2.0
Shields        | |  3.2

Action                   |  1- 3 |  4- 6 |  7- 9 || total
-------------------------+-------+-------+-------++-------
Melee: Flail             |   147 |    74 |       ||   221
       Whip              |       |   117 |   426 ||   543
  Eat: Chunk             |     1 |     8 |     5 ||    14
Armor: Scale mail        |    97 |   119 |    47 ||   263
       Plate armour      |       |       |   198 ||   198
Dodge: Dodged            |    79 |    71 |    95 ||   245
Block: Shield            |    94 |   107 |   169 ||   370

Table legend:
 A = Non-vault XP
 B = Vault XP
 C = Vault XP percentage of total XP
 D = Non-vault monster count
 E = Vault monster count
 F = Vault count percentage of total count
                 A         B        C        D         E       F
            +---------+---------+-------+---------+---------+-------
      Total |    2151 |    1292 |  37.5 |     138 |      20 |  12.7
            +---------+---------+-------+---------+---------+-------
        D:1 |      44 |       2 |   4.3 |      16 |       2 |  11.1
        D:2 |      97 |       0 |   0.0 |      24 |       0 |   0.0
        D:3 |     153 |     269 |  63.7 |      30 |      11 |  26.8
        D:4 |     612 |      42 |   6.4 |      23 |       2 |   8.0
        D:5 |     495 |       0 |   0.0 |      31 |       0 |   0.0
        D:6 |     750 |     979 |  56.6 |      14 |       5 |  26.3
            +---------+---------+-------+---------+---------+-------
